 Dungeon Crawl Stone Soup version 0.30-a0-269-gf0224bf7b6 (webtiles) character file.

Game seed: 12286642625342788148

417 tbh1313 the Cudgeller (level 6, -2/59 HPs)
             Began as a Troll Fighter on Oct 14, 2022.
             Slain by an orc
             ... wielding a +0 club
              (5 damage)
             ... on level 4 of the Dungeon.
             The game lasted 00:05:57 (2351 turns).

tbh1313 the Cudgeller (Troll Fighter)               Turns: 2351, Time: 00:05:57

Health: -2/59      AC:  6    Str: 25    XL:     6   Next: 61%
Magic:  5/5        EV: 10    Int:  6    God:
Gold:   82         SH:  0    Dex:  9    Spells: 5/5 levels left

rFire   . . .      SeeInvis .    a - +0 flail
rCold   . . .      Faith    .    (no shield)
rNeg    . . .      Spirit   .    o - +2 robe {Will+}
rPois   .          Reflect  .    s - +0 hat
rElec   .          Harm     .    (no cloak)
rCorr   .          Rampage  .    (gloves unavailable)
Will    +....                    (boots unavailable)
Stlth   +.........               p - amulet of regeneration
HPRegen 1.89/turn                (no ring)
MPRegen 0.09/turn                (no ring)

@: mighty, hasted, very quick
A: large, unfitting armour, claws 3, regeneration 1, shaggy fur 1, tough skin 1
a: no special abilities


You were on level 4 of the Dungeon.
You visited 1 branch of the dungeon, and saw 4 of its levels.

You collected 189 gold pieces.
You spent 107 gold pieces at shops.

Inventory:

Hand Weapons
 a - a +0 flail (weapon)
Armour
 o - a +2 robe of willpower (worn)
 s - a +0 hat (worn)
Jewellery
 p - an amulet of regeneration (around neck)
Scrolls
 c - a scroll of summoning {unknown}
 e - a scroll of amnesia {unknown}
 j - a scroll of identify {unknown}
 l - a scroll of silence {unknown}
 n - a scroll of blinking {unknown}
 r - a scroll of noise {unknown}
Potions
 b - 4 potions of curing
 f - a potion of haste
 g - 2 potions of attraction {unknown}
 h - a potion of berserk rage {unknown}
 i - a potion of flight {unknown}
 k - a potion of heal wounds {unknown}
 m - a potion of magic {unknown}
 q - a potion of lignification {unknown}


   Skills:
 - Level 2.4 Fighting
 + Level 6.5 Maces & Flails
 - Level 2.4 Dodging
 - Level 2.6 Shields


You had 5 spell levels left.
You didn't know any spells.
Your spell library contained the following spells:

 Spells                   Type           Power      Damage    Failure   Level
 Call Canine Familiar     Summ           0%         N/A       83%         3
 Inner Flame              Hex/Fire       0%         N/A       83%         3
 Portal Projectile        Hex/Tloc       0%         N/A       83%         3
 Cause Fear               Hex            0%         N/A       99%         4
 Leda's Liquefaction      Hex/Erth       0%         N/A       99%         4
 Discord                  Hex            0%         N/A       100%        8


Dungeon Overview and Level Annotations

Branches:
Dungeon (4/15)
 Temple: D:4-7

Altars:
Elyvilon
Makhleb

Shops:
D:2 [   D:3 *(::[

Annotations:
D:3 2 transporters, brknglss's ghost, amateur GnVM


Innate Abilities, Weirdness & Mutations

You are too large for most types of armour.
You have claws for hands.
Your natural rate of healing is unusually fast.
You are covered in fur. (AC +1)
You have tough skin. (AC +1)


Message History

Menkaure mumbles some strange words.
Menkaure seems to speed up.
Sorry, you're not good enough to have a special ability.
An orc comes into view. It is wielding a +0 club.
You hit Menkaure.
Menkaure is moderately damaged.
Menkaure rustles, "It doesn't hurt if you pull your brain out of your nose yourself."
Menkaure hits you!
You hit Menkaure.
Menkaure is moderately damaged.
Menkaure hits you! The orc hits you but does no damage.
Menkaure barely misses you.
You closely miss Menkaure.
Menkaure is moderately damaged.
The orc hits you with a +0 club. Menkaure hits you!!
* * * LOW HITPOINT WARNING * * *
It was a potion of curing.
You feel better. The orc hits you but does no damage.
Menkaure calls on the powers of darkness!
The orc convulses!
Your body is wracked with pain!
* * * LOW HITPOINT WARNING * * *
It was a potion of haste.
You feel yourself speed up. Menkaure closely misses you.
The orc hits you but does no damage.
You feel very mighty all of a sudden. Menkaure hits you!
* * * LOW HITPOINT WARNING * * *
The orc barely misses you.
You sock Menkaure! You claw Menkaure!
You destroy Menkaure!
The orc hits you with a +0 club.
* * * LOW HITPOINT WARNING * * *
Your Maces & Flails skill increases to level 6!
You closely miss the orc.
The orc is moderately wounded.
The orc hits you with a +0 club.
* * * LOW HITPOINT WARNING * * *
You closely miss the orc.
The orc is moderately wounded.
The orc hits you with a +0 club.
You die...

##############.....#
.<...........†.....#
##.############....#
##.# #.####
##.####### #....#
.......... ##.#.# #
########## ###.# #.#
.# #...#...#.# .#
#.#@o...... .#
#......##.... .#
#.......# ## .#
.......... .#
##.###..... .# #.
#...... .# #.#.....
.# #. ......


You could see an orc.

Levels and vault maps discovered:
D:1:      lightli_iron_boxes, layout_loops_ring
D:2:      cheibrodos_helix_gallery, layout_loops_ring, serial_shops,
          nicolae_shop_overgrown_old_shop, basic_altar
D:3:      layout_loops_ring, general_overflow_altar, gammafunk_ghost_mausoleum,
          serial_shops, nicolae_shop_overgrown_old_shop, nicolae_shop_stone,
          nicolae_shop_advertising_works [nicolae_subvault_shop_adworks],
          nicolae_shop_statue_plus, shop,
          hellmonk_ecumenical_altar_pennies_from_heaven, kennysheep_potato
D:4:      gammafunk_cloud_chamber, layout_loops_ring, uniq_menkaure,
          uniq_grinder

Notes
Turn   | Place    | Note
-------+----------+-------------------------------------------
     0 | D:1      | tbh1313 the Troll Fighter began the quest for the Orb.
     0 | D:1      | Reached XP level 1. HP: 22/22 MP: 0/0
    12 | D:1      | Reached skill level 2 in Maces & Flails
    85 | D:1      | Reached XP level 2. HP: 29/29 MP: 1/1
   376 | D:1      | Reached skill level 3 in Maces & Flails
   641 | D:2      | Reached XP level 3. HP: 36/36 MP: 2/2
   824 | D:2      | Found a burning altar of Makhleb.
   874 | D:2      | Found Rymezev's Antique Armour Boutique.
   876 | D:2      | Reached XP level 4. HP: 44/44 MP: 3/3
   895 | D:2      | Reached skill level 4 in Maces & Flails
  1002 | D:2      | Bought an embroidered robe for 85 gold pieces
  1376 | D:3      | Found a faded altar of an unknown god.
  1382 | D:3      | Found Keuqulok's Assorted Antiques.
  1421 | D:3      | Reached XP level 5. HP: 38/50 MP: 4/4
  1441 | D:3      | Bought a scroll labelled SERASIRUMU for 22 gold pieces
  1529 | D:3      | Found a transporter.
  1559 | D:3      | Found Rampasub's Armour Emporium.
  1699 | D:3      | Found Avoyrowu's Book Emporium.
  1701 | D:3      | Found Vugobaoz's Book Shop.
  1754 | D:3      | Found Leuwkin's Weapon Shop.
  1803 | D:3      | Found a white marble altar of Elyvilon.
  1978 | D:3      | Found a transporter.
  1978 | D:3      | Noticed brknglss's ghost (amateur GnVM)
  1988 | D:3      | Reached skill level 5 in Maces & Flails
  2255 | D:4      | Noticed a phantom
  2271 | D:4      | Killed a phantom
  2272 | D:4      | Reached XP level 6. HP: 58/59 MP: 5/5
  2336 | D:4      | Noticed Menkaure
  2347 | D:4      | HP: 5/59 [Menkaure (8)]
  2348 | D:4      | Killed Menkaure
  2349 | D:4      | Reached skill level 6 in Maces & Flails
  2350 | D:4      | HP: 2/59 [orc/+0 club (5)]
  2351 | D:4      | Slain by an orc

Table legend: (Time is in decaauts)
 A = Elapsed time spent in this place.
 B = Non-inter-level travel time spent in this place.
 C = Inter-level travel time spent in this place.
 D = Time resting spent in this place.
 E = Time spent auto-exploring this place.
 F = Levels seen in this place.
 G = Mean time per level.
                   A        B        C        D        E       F      G
               +--------+--------+--------+--------+--------+-----+--------+
         Total |   2412 |   2317 |     95 |     25 |   1636 |   4 |  603.0 |
       Dungeon |   2412 |   2317 |     95 |     25 |   1636 |   4 |  603.0 |
               +--------+--------+--------+--------+--------+-----+--------+

Top non-repeatable levels by time:
     D:3: 808 daAuts
     D:2: 740 daAuts
     D:1: 661 daAuts
     D:4: 203 daAuts

Table legend:
 A = Kills in this place as a percentage of kills in entire the game.
 B = Kills by you in this place as a percentage of kills by you in the entire game.
 C = Kills by friends in this place as a percentage of kills by friends in the entire game.
 D = Other kills in this place as a percentage of other kills in the entire game.
 E = Experience gained in this place as a percentage of experience gained in the entire game.
 F = Experience gained in this place divided by the number of levels of this place that you have seen.
                   A       B       C       D       E      F
               +-------+-------+-------+-------+-------+----------------------
         Total | 100.0 | 100.0 |   N/A |   N/A | 100.0 | 149.0
       Dungeon | 100.0 | 100.0 |   N/A |   N/A | 100.0 | 149.0
               +-------+-------+-------+-------+-------+----------------------

Action                   |  1- 3 |  4- 6 || total
-------------------------+-------+-------++-------
Melee: Flail             |   117 |   169 ||   286
       Punch             |     2 |     3 ||     5
  Use: Potion            |       |     3 ||     3
 Stab: Sleeping          |     1 |     1 ||     2
Armor: Robe              |    41 |    78 ||   119
Dodge: Dodged            |    64 |   104 ||   168
Block: Kite shield       |     5 |       ||     5

Vanquished Creatures
  Menkaure (D:4)
  A phantom (D:4)
  An iguana (D:4)
  An orc wizard (D:3)
  8 adders
  2 worms
  11 orcs (D:3)
  11 endoplasms
  4 giant cockroaches
  6 goblins
  8 hobgoblins
  2 jackals (D:1)
  3 kobolds
  4 quokkas
  4 ball pythons
  A bat (D:3)
  6 frilled lizards
  9 rats
83 creatures vanquished.
